 Dungeon Crawl Stone Soup version 0.27.1-34-g3ba077fa99 (webtiles) character file.

Game seed: 7144194177925865023

41 Delamore the Sneak (level 3, -1/24 HPs)
             Began as an Octopode Brigand on Jan 18, 2022.
             Slain by Terence (6 damage)
             ... on level 2 of the Dungeon.
             The game lasted 00:01:38 (1418 turns).

Delamore the Sneak (Octopode Brigand)               Turns: 1418, Time: 00:01:38

Health: -1/24      AC:  1    Str: 10    XL:     3   Next: 52%
Magic:  3/3        EV: 12    Int: 13    God:
Gold:   43         SH:  0    Dex: 14    Spells: 2/2 levels left

rFire    . . .     SeeInvis .   a - +2 dagger
rCold    . . .     Faith    .   (no shield)
rNeg     . . .     Spirit   .   (helmet restricted)
rPois    .         Reflect  .   (no amulet)
rElec    .         Harm     .   (no ring)
rCorr    .         Rampage  .   (no ring)
Will     .....                  (no ring)
Stlth    ++++......             (no ring)
HPRegen  0.08/turn              (no ring)
MPRegen  0.08/turn              (no ring)
                                (no ring)
                                (no ring)

@: no status effects
A: almost no armour, amphibious, 8 rings, camouflage 1, gelatinous body 1,
(nimble swimmer 1), tentacles
a: no special abilities


You were on level 2 of the Dungeon.
You visited 1 branch of the dungeon, and saw 2 of its levels.

You collected 43 gold pieces.

Inventory:

Hand Weapons
 a - a +2 dagger (weapon)
Missiles
 b - 8 poisoned darts (quivered)
 c - 2 curare-tipped darts
Scrolls
 d - a scroll of teleportation
 e - a scroll of magic mapping {unknown}
 f - a scroll of vulnerability {unknown}
 g - a scroll of immolation {unknown}


   Skills:
 - Level 2.0 Fighting
 + Level 3.2 Short Blades
 - Level 2.0 Throwing
 - Level 1.0 Dodging
 + Level 6.1 Stealth


You had 2 spell levels left.
You didn't know any spells.
Your spell library was empty.

Dungeon Overview and Level Annotations

Branches:
Dungeon (2/15)

Altars:

Annotations:
D:2 Terence


Innate Abilities, Weirdness & Mutations

You cannot wear most types of armour.
You are amphibious.
You can wear up to eight rings at the same time.
Your skin changes colour to match your surroundings (Stealth+).
Your rubbery body absorbs attacks. (AC +1, EV +1)
((You are camouflaged near water. (Stealth+)))
You have tentacles for arms and can constrict up to eight enemies at once.


Message History

No target in view!
No target in view!
Terence is nearby!
Terence is nearby!
Terence shouts!
You hit Terence. You grab Terence.
Terence is lightly wounded.
You constrict Terence, but do no damage.
Terence barely misses you.
You hit Terence.
Terence is moderately wounded.
You constrict Terence. Terence hits you with a +0 falchion!
You hit Terence but do no damage.
Terence is moderately wounded.
You constrict Terence. Terence barely misses you.
You completely miss Terence.
Terence is moderately wounded.
You constrict Terence, but do no damage.
Terence closely misses you.
You hit Terence but do no damage.
Terence is moderately wounded.
You constrict Terence, but do no damage.
Terence hits you with a +0 falchion.
You hit Terence.
Terence is heavily wounded.
You constrict Terence, but do no damage.
You hit Terence but do no damage.
Terence is heavily wounded.
You constrict Terence, but do no damage.
Terence hits you with a +0 falchion.
You hit Terence but do no damage.
Terence is heavily wounded.
You constrict Terence, but do no damage.
Terence hits you with a +0 falchion.
* * * LOW HITPOINT WARNING * * *
You hit Terence but do no damage.
Terence is moderately wounded.
You constrict Terence, but do no damage.
Terence hits you with a +0 falchion.
You die...

####.#..........##...#
#... #.#...#.#.........#
#### # #...#.##.....#..#
##. #.#...#.#.........#
#..
#.......#.........#####..
####.####.......#......†.
#.#####...............
#.......<...##..#..#..
#....@@.....##.....#..
#.#######.#.###.#.##..
#†#######.#.###.#.##.#
#....................#
#.#####.....###.######
..# #......##.# #.#
#....(.##.# #.#
#.<.......# ...
######.####


You could see Terence.

Vanquished Creatures
  3 ball pythons (D:1)
  8 bats (D:1)
  5 endoplasms
  2 giant cockroaches
  3 hobgoblins
  3 jackals (D:1)
  A quokka (D:2)
  A frilled lizard (D:2)
  5 goblins (D:1)
  5 rats
36 creatures vanquished.

Notes
Turn   | Place    | Note
-------+----------+-------------------------------------------
     0 | D:1      | Delamore the Octopode Brigand began the quest for the Orb.
     0 | D:1      | Reached XP level 1. HP: 14/14 MP: 1/1
    24 | D:1      | Found a faded altar of an unknown god.
   100 | D:1      | Reached XP level 2. HP: 17/19 MP: 2/2
   468 | D:1      | Reached XP level 3. HP: 20/24 MP: 3/3
   652 | D:1      | Reached skill level 6 in Stealth
  1041 | D:2      | Noticed Terence
  1418 | D:2      | Slain by Terence

Illustrated notes

Levels and vault maps discovered:
D:1:      giann_bridges, layout_rooms, chequers_ecumenical_altar_simple
D:2:      layout_loops_cross, uniq_terence

Skill      XL: |  1  2  3 |
---------------+----------+-----
Short Blades   | 3 |  3.2
Stealth        | 6 |  6.1
Fighting       | |  2.0
Throwing       | |  2.0
Dodging        | |  1.0

Action                   || total
-------------------------++-------
Melee: Dagger            ||    79
       Constrict         ||    18
       Tentacles         ||    13
  Use: Scroll            ||     1
 Stab: Sleeping          ||    14
Armor: Skin              ||     6
Dodge: Dodged            ||    33
